Hartford Whalers vs San Jose Sharks
Created - Saturday, March 30, 2024 at 07:20
Goals
|
| Hartford Whalers |
0 |
0 |
0 |
0 |
| San Jose Sharks |
4 |
1 |
1 |
6 |
|
Shots
|
| Hartford Whalers |
15 |
4 |
6 |
25 |
| San Jose Sharks |
14 |
14 |
16 |
44 |
|
1st period
1. San Jose Sharks , Ivan Barbashev 12 (Christian Dvorak 17, Dmitry Orlov 13) at 2:10 (PP)
2. San Jose Sharks , Adam Henrique 16 (Ivan Barbashev 22) at 11:47
3. San Jose Sharks , Adam Henrique 17 (Connor Murphy 8, Christopher Tanev 13) at 16:36
4. San Jose Sharks , Valeri Nichushkin 22 (William Karlsson 18) at 19:20
Penalties :
Joel Edmundson (HFD) for Holding (Minor) at 1:36, Logan Thompson (SJS) for Delaying the game (Minor) at 2:55 - Derek Forbort served the penalty, Ivan Barbashev (SJS) for Holding (Minor) at 6:55
2nd period
5. San Jose Sharks , John Hayden 5 (Ilya Mikheyev 6, Victor Olofsson 7) at 13:19
Penalties :
T.J. Oshie (HFD) for Tripping (Minor) at 0:03, Simon Nemec (SJS) for Fighting (Major) at 4:33, Joel Edmundson (HFD) for Fighting (Major) at 4:33, T.J. Oshie (HFD) for Tripping (Minor) at 7:07, Casey Cizikas (HFD) for Holding (Minor) at 15:28, Olli Maatta (HFD) for Roughing (Minor) at 18:08
3rd period
6. San Jose Sharks , Ivan Barbashev 13 (Adam Henrique 26, Christian Dvorak 18) at 14:02 (PP)
Penalties :
Erik Cernak (HFD) for Hooking (Minor) at 5:09, Thomas Chabot (HFD) for Hooking (Minor) at 8:42, T.J. Oshie (HFD) for Holding (Minor) at 12:14
Goalie Stats
Semyon Varlamov (HFD), 38 saves from 44 shots - (0.864), L, 13-21-3, 60:00 minutes
Logan Thompson (SJS), 25 saves from 25 shots - (1.000), W, 2-1-1, 60:00 minutes
Players Stats for Hartford Whalers
Player Name G A P +/- PIM S H SB GA TA FO MP PP MP PK MP
------------------------------------------------------------------------------------
Alexander Wennberg 0 0 0 -1 0 1 3 2 0 2 13/26 23:29 1:55 7:04
Alexis Lafreniere 0 0 0 -1 0 3 4 0 0 1 0/0 14:58 2:03 0:41
Andre Burakovsky 0 0 0 -1 0 3 2 0 0 0 0/2 12:30 2:03 0:00
Casey Cizikas 0 0 0 -1 2 1 0 1 0 1 6/9 15:18 0:00 5:53
Eetu Luostarinen 0 0 0 -1 0 2 1 1 0 0 0/1 15:08 0:00 6:51
Erik Cernak 0 0 0 -1 2 0 4 0 1 1 0/0 21:34 0:00 6:09
Jaccob Slavin 0 0 0 -2 0 1 0 3 0 1 0/0 26:04 1:49 8:25
Joel Edmundson 0 0 0 -1 7 1 0 0 0 2 0/0 19:25 0:00 5:09
Josh Anderson 0 0 0 -1 0 3 1 2 0 0 0/1 15:45 0:01 6:44
Joshua Norris 0 0 0 -1 0 2 1 1 0 0 8/14 14:27 2:03 1:19
Marcus Foligno 0 0 0 -1 0 0 1 1 0 0 0/0 6:45 0:00 0:00
Mike Hoffman 0 0 0 -1 0 2 0 0 0 0 0/0 6:45 0:00 0:00
Nikita Zaitsev 0 0 0 -1 0 0 0 1 0 1 0/0 20:56 2:09 7:42
Olli Maatta 0 0 0 -1 2 0 0 0 0 1 0/0 14:14 2:09 0:11
Ryan Strome 0 0 0 -1 0 1 1 0 0 0 3/5 6:45 0:00 0:00
T.J. Oshie 0 0 0 -1 6 3 2 0 0 0 0/0 16:36 1:55 0:00
Taylor Hall 0 0 0 -1 0 1 1 1 1 1 1/3 15:58 1:54 0:00
Thomas Chabot 0 0 0 -2 2 1 0 0 0 0 0/0 18:58 1:49 0:56
Players Stats for San Jose Sharks
Player Name G A P +/- PIM S H SB GA TA FO MP PP MP PK MP
------------------------------------------------------------------------------------
Adam Henrique 2 1 3 2 0 8 0 1 1 0 17/25 20:06 7:30 1:47
Andreas Athanasiou 0 0 0 0 0 1 1 0 0 0 0/0 10:52 0:09 0:00
Calle Rosen 0 0 0 1 0 0 1 2 0 0 0/0 12:05 0:00 0:12
Christian Dvorak 0 2 2 2 0 4 0 1 1 0 0/0 18:46 7:30 0:28
Christopher Tanev 0 1 1 2 0 3 0 1 0 0 0/0 24:23 7:37 0:54
Connor Murphy 0 1 1 2 0 1 1 1 1 1 0/0 24:52 7:37 1:42
Derek Forbort 0 0 0 1 0 1 1 0 0 0 0/0 22:37 6:39 0:57
Dmitry Orlov 0 1 1 1 0 2 0 0 0 0 0/0 23:03 6:39 2:04
Dylan Strome 0 0 0 1 0 3 0 0 0 0 1/2 19:22 6:37 1:47
Ilya Mikheyev 0 1 1 1 0 3 1 0 0 0 1/2 9:17 0:00 0:00
Ivan Barbashev 2 1 3 2 2 5 3 1 1 0 1/4 18:18 7:30 0:00
John Hayden 1 0 1 1 0 1 0 0 0 0 1/1 9:17 0:00 0:00
Rickard Rakell 0 0 0 0 0 1 2 0 1 0 0/0 10:24 0:00 0:00
Ryan Hartman 0 0 0 0 0 0 4 0 0 0 0/5 10:52 0:09 0:00
Simon Nemec 0 0 0 1 5 2 1 0 0 1 0/0 13:01 0:00 2:07
Valeri Nichushkin 1 0 1 1 0 2 0 1 4 0 1/4 19:56 6:46 1:56
Victor Olofsson 0 1 1 1 0 6 0 1 1 0 0/0 9:17 0:00 0:00
William Karlsson 0 1 1 1 0 1 1 0 1 0 8/18 19:32 6:37 1:58
3 Stars
1 - Logan Thompson (SJS)
2 - Adam Henrique (SJS)
3 - Ivan Barbashev (SJS)
Power Play
Hartford Whalers - 0 on 2 Attempt(s) - 0.00%
San Jose Sharks - 2 on 8 Attempt(s) - 25.00%
Penalty Kill
Hartford Whalers - 6 on 8 Attempt(s) - 75.00%
- Score 0 goal in Penalty Kill
San Jose Sharks - 2 on 2 Attempt(s) - 100.00%
- Score 0 goal in Penalty Kill
Team Stat
Hartford Whalers - Hits : 21 - Faceoff Wins : 31 - Blocked Shots : 13 - Penalty Minutes : 21
San Jose Sharks - Hits : 16 - Faceoff Wins : 30 - Blocked Shots : 9 - Penalty Minutes : 9
Official
Referees : Dave Jackson and Tom Kowal
Linesman : Unknown
Game Notes
Simon Nemec and Joel Edmundson fight to a draw at 4:33 of 2nd period
2:44 of 3rd period - Hartford Whalers goal is going for a video replay. After video review, No Goal. The referee deems the play has been stopped, even if he had not physically had the opportunity to stop play by blowing his whistle.
Finance
Level 1 -- Attendance: 4928 (82.13%) -- Ticket Income $478,016
Level 2 -- Attendance: 3853 (77.06%) -- Ticket Income $219,621
Level 3 -- Attendance: 2820 (94.00%) -- Ticket Income $93,060
Level 4 -- Attendance: 4368 (87.36%) -- Ticket Income $96,096
Luxury Box -- Attendance: 865 (86.50%) -- Ticket Income $166,945
Game was played at the SAP Center at San Jose.
Total Attendance: 16834 (84.17%)
Total Ticket Income: $1,053,738
Other Income: $368,808
Total Income: $1,422,546
Hartford Whalers
5 vs 5 Forward
Center Left Wing Right Wing Time % Phy DF OF
1 Alexander Wennberg Taylor Hall T.J. Oshie 35 0 3 2
2 Joshua Norris Andre Burakovsky Alexis Lafreniere 30 0 3 2
3 Casey Cizikas Eetu Luostarinen Josh Anderson 25 0 3 2
4 Ryan Strome Mike Hoffman Marcus Foligno 10 0 3 2
5 vs 5 Defense
Defense Defense Time % Phy DF OF
1 Jaccob Slavin Thomas Chabot 38 1 2 2
2 Joel Edmundson Erik Cernak 37 1 3 1
3 Olli Maatta Nikita Zaitsev 25 1 2 2
4 Jaccob Slavin Thomas Chabot 0 1 2 2
PowerPlay Forward
Center Left Wing Right Wing Time % Phy DF OF
1 Alexander Wennberg Taylor Hall T.J. Oshie 50 1 1 3
2 Joshua Norris Andre Burakovsky Alexis Lafreniere 50 2 1 2
PowerPlay Defense
Defense Defense Time % Phy DF OF
1 Thomas Chabot Jaccob Slavin 50 1 1 3
2 Olli Maatta Nikita Zaitsev 50 1 2 2
Penalty Kill 4 Players Forward
Center Wing Time % Phy DF OF
1 Casey Cizikas Eetu Luostarinen 50 1 4 0
2 Alexander Wennberg Josh Anderson 50 1 4 0
Penalty Kill 4 Players Defense
Defense Defense Time % Phy DF OF
1 Joel Edmundson Erik Cernak 50 2 3 0
2 Jaccob Slavin Nikita Zaitsev 50 1 4 0
Penalty Kill - 3 Players Forward
Forward Time % Phy DF OF
1 Casey Cizikas 50 1 4 0
2 Alexander Wennberg 50 1 4 0
Penalty Kill - 3 Players Defense
Defense Defense Time % Phy DF OF
1 Joel Edmundson Erik Cernak 50 2 3 0
2 Jaccob Slavin Nikita Zaitsev 50 1 4 0
4 vs 4 Forward
Center Wing Time % Phy DF OF
1 Alexander Wennberg Andre Burakovsky 50 1 2 2
2 Casey Cizikas Josh Anderson 50 1 2 2
4 vs 4 Defense
Defense Defense Time % Phy DF OF
1 Thomas Chabot Jaccob Slavin 50 1 2 2
2 Joel Edmundson Erik Cernak 50 2 2 1
Last Minutes Offensive
Center Left Wing Right Wing Defense Defense
Alexander Wennberg Alexis Lafreniere Andre Burakovsky Thomas Chabot Jaccob Slavin
Last Minutes Defensive
Center Left Wing Right Wing Defense Defense
Casey Cizikas Eetu Luostarinen Josh Anderson Joel Edmundson Erik Cernak
Goaltenders
Starting : Semyon Varlamov
Backup : Anton Forsberg
Extra Forwards
Normal : Andre Burakovsky, Joshua Norris, Alexis Lafreniere - PP : Andre Burakovsky, Taylor Hall - PK : Casey Cizikas
Extra Defensemen
Normal : Jaccob Slavin, Joel Edmundson, Nikita Zaitsev - PP : Thomas Chabot - PK : Jaccob Slavin, Erik Cernak
Penalty Shots
Alexander Wennberg, Andre Burakovsky, T.J. Oshie, Taylor Hall, Josh Anderson
San Jose Sharks
5 vs 5 Forward
Center Left Wing Right Wing Time % Phy DF OF
1 William Karlsson Valeri Nichushkin Dylan Strome 30 1 2 2
2 Adam Henrique Christian Dvorak Ivan Barbashev 30 1 2 2
3 Ryan Hartman Andreas Athanasiou Rickard Rakell 25 1 2 2
4 Ilya Mikheyev Victor Olofsson John Hayden 15 1 2 2
5 vs 5 Defense
Defense Defense Time % Phy DF OF
1 Dmitry Orlov Derek Forbort 35 1 2 2
2 Christopher Tanev Connor Murphy 35 1 2 2
3 Simon Nemec Calle Rosen 30 1 2 2
4 Dmitry Orlov Derek Forbort 0 1 2 2
PowerPlay Forward
Center Left Wing Right Wing Time % Phy DF OF
1 William Karlsson Valeri Nichushkin Dylan Strome 50 1 2 2
2 Adam Henrique Christian Dvorak Ivan Barbashev 50 1 2 2
PowerPlay Defense
Defense Defense Time % Phy DF OF
1 Dmitry Orlov Derek Forbort 50 1 2 2
2 Christopher Tanev Connor Murphy 50 1 2 2
Penalty Kill 4 Players Forward
Center Wing Time % Phy DF OF
1 Valeri Nichushkin William Karlsson 50 1 2 2
2 Adam Henrique Dylan Strome 50 1 2 2
Penalty Kill 4 Players Defense
Defense Defense Time % Phy DF OF
1 Dmitry Orlov Derek Forbort 50 1 2 2
2 Simon Nemec Connor Murphy 50 1 2 2
Penalty Kill - 3 Players Forward
Forward Time % Phy DF OF
1 Valeri Nichushkin 50 1 2 2
2 William Karlsson 50 1 2 2
Penalty Kill - 3 Players Defense
Defense Defense Time % Phy DF OF
1 Dmitry Orlov Derek Forbort 50 1 2 2
2 Simon Nemec Connor Murphy 50 1 2 2
4 vs 4 Forward
Center Wing Time % Phy DF OF
1 Valeri Nichushkin William Karlsson 50 1 2 2
2 Adam Henrique Dylan Strome 50 1 2 2
4 vs 4 Defense
Defense Defense Time % Phy DF OF
1 Dmitry Orlov Derek Forbort 50 1 2 2
2 Christopher Tanev Connor Murphy 50 1 2 2
Last Minutes Offensive
Center Left Wing Right Wing Defense Defense
William Karlsson Valeri Nichushkin Dylan Strome Dmitry Orlov Derek Forbort
Last Minutes Defensive
Center Left Wing Right Wing Defense Defense
William Karlsson Valeri Nichushkin Dylan Strome Dmitry Orlov Derek Forbort
Goaltenders
Starting : Logan Thompson
Backup : Alex Nedeljkovic
Extra Forwards
Normal : Ryan Hartman, Andreas Athanasiou, William Karlsson - PP : Ryan Hartman, Andreas Athanasiou - PK : Valeri Nichushkin
Extra Defensemen
Normal : Christopher Tanev, Simon Nemec, Derek Forbort - PP : Christopher Tanev - PK : Simon Nemec, Dmitry Orlov
Penalty Shots
Valeri Nichushkin, William Karlsson, Adam Henrique, Dylan Strome, Christian Dvorak
% Time on Ice - Hartford Whalers
Lines # - Real PCT - Wanted PCT - Time Play
Normal Forward
1 - 37% - 35% - 15:34
2 - 27% - 30% - 11:11
3 - 20% - 25% - 8:16
4 - 16% - 10% - 6:45
Normal Defense
1 - 40% - 38% - 16:51
2 - 35% - 37% - 14:38
3 - 25% - 25% - 10:17
4 - 0% - 0% - 0:00
PP Forward
1 - 48% - 50% - 1:55
2 - 52% - 50% - 2:03
PP Defense
1 - 46% - 50% - 1:49
2 - 54% - 50% - 2:09
PK Forward
1 - 51% - 50% - 7:16
2 - 49% - 50% - 7:00
PK Defense
1 - 51% - 50% - 7:13
2 - 49% - 50% - 7:03
PK3 Forward
1 - 0% - 50%
2 - 0% - 50%
PK3 Defense
1 - 0% - 50%
2 - 0% - 50%
44 Forward
1 - 0% - 50%
2 - 0% - 50%
44 Defense
1 - 0% - 50%
2 - 0% - 50%
Last Minute Offensive - 0:00
Last Minute Defensive - 0:00
Total
Forward - 60:00
Defense - 60:00
|
% Time on Ice - San Jose Sharks
Lines # - Real PCT - Wanted PCT - Time Play
Normal Forward
1 - 27% - 30% - 11:16
2 - 26% - 30% - 10:49
3 - 25% - 25% - 10:24
4 - 22% - 15% - 9:17
Normal Defense
1 - 34% - 35% - 14:22
2 - 37% - 35% - 15:33
3 - 28% - 30% - 11:51
4 - 0% - 0% - 0:00
PP Forward
1 - 47% - 50% - 6:46
2 - 53% - 50% - 7:30
PP Defense
1 - 47% - 50% - 6:39
2 - 53% - 50% - 7:37
PK Forward
1 - 50% - 50% - 1:58
2 - 50% - 50% - 2:00
PK Defense
1 - 57% - 50% - 2:16
2 - 43% - 50% - 1:42
PK3 Forward
1 - 0% - 50%
2 - 0% - 50%
PK3 Defense
1 - 0% - 50%
2 - 0% - 50%
44 Forward
1 - 0% - 50%
2 - 0% - 50%
44 Defense
1 - 0% - 50%
2 - 0% - 50%
Last Minute Offensive - 0:00
Last Minute Defensive - 0:00
Total
Forward - 60:00
Defense - 60:00
|
Play-by-Play
1st period
0:01 of 1st period - Alexander Wennberg wins face-off versus William Karlsson in neutral zone.
0:47 of 1st period - Snap shot by Eetu Luostarinen.
0:47 of 1st period - Stopped by Logan Thompson with a rebound.
1:13 of 1st period - Slapshot by Ryan Strome.
1:13 of 1st period - Stopped by Logan Thompson with a rebound.
1:36 of 1st period - Minor Penalty to Joel Edmundson for Holding.
1:37 of 1st period - Dylan Strome wins face-off versus Casey Cizikas in Hartford Whalers zone.
2:08 of 1st period - Snap shot by Christian Dvorak.
2:08 of 1st period - Shot Blocked by Jaccob Slavin.
2:10 of 1st period - Snap shot by Ivan Barbashev.
2:10 of 1st period - Goal by Ivan Barbashev - Hartford Whalers : 0 - San Jose Sharks : 1.
2:11 of 1st period - Joshua Norris wins face-off versus Adam Henrique in neutral zone.
2:16 of 1st period - Wrist shot by Joshua Norris.
2:16 of 1st period - Shot Blocked by Adam Henrique.
2:18 of 1st period - Snap shot by Andre Burakovsky.
2:18 of 1st period - Stopped by Logan Thompson without a rebound.
2:19 of 1st period - Adam Henrique wins face-off versus Joshua Norris in San Jose Sharks zone.
2:24 of 1st period - Joshua Norris is hit by Simon Nemec and loses puck.
2:31 of 1st period - Slapshot by Nikita Zaitsev.
2:31 of 1st period - Shot Misses the Net.
2:33 of 1st period - Slapshot by Nikita Zaitsev.
2:33 of 1st period - Shot Blocked by Calle Rosen.
2:35 of 1st period - Wrist shot by Joshua Norris.
2:35 of 1st period - Shot Blocked by Ivan Barbashev.
2:37 of 1st period - Wrist shot by Joshua Norris.
2:37 of 1st period - Deflect By Alexis Lafreniere.
2:37 of 1st period - Stopped by Logan Thompson with a rebound.
2:39 of 1st period - Snap shot by Olli Maatta.
2:39 of 1st period - Deflect By Andre Burakovsky.
2:39 of 1st period - Stopped by Logan Thompson with a rebound.
2:41 of 1st period - Wrist shot by Andre Burakovsky.
2:41 of 1st period - Shot Blocked by Christian Dvorak.
2:43 of 1st period - Slapshot by Olli Maatta.
2:43 of 1st period - Shot Blocked by Calle Rosen.
2:45 of 1st period - Slapshot by Nikita Zaitsev.
2:45 of 1st period - Deflect By Joshua Norris.
2:45 of 1st period - Stopped by Logan Thompson without a rebound.
2:46 of 1st period - Casey Cizikas wins face-off versus Ryan Hartman in San Jose Sharks zone.
2:51 of 1st period - Wrist shot by Eetu Luostarinen.
2:51 of 1st period - Stopped by Logan Thompson without a rebound.
2:52 of 1st period - Casey Cizikas wins face-off versus Ryan Hartman in San Jose Sharks zone.
2:55 of 1st period - Snap shot by Josh Anderson.
2:55 of 1st period - Stopped by Logan Thompson without a rebound.
2:55 of 1st period - Minor Penalty to Logan Thompson for Delaying the game.
2:56 of 1st period - Alexander Wennberg wins face-off versus Valeri Nichushkin in San Jose Sharks zone.
3:09 of 1st period - Snap shot by T.J. Oshie.
3:09 of 1st period - Stopped by Logan Thompson with a rebound.
4:55 of 1st period - Penalty to Derek Forbort is over, Derek Forbort is back on ice.
5:08 of 1st period - T.J. Oshie is hit by Ryan Hartman and loses puck.
5:46 of 1st period - Christian Dvorak is hit by Marcus Foligno and loses puck.
6:09 of 1st period - Calle Rosen is hit by Josh Anderson and loses puck.
6:38 of 1st period - Snap shot by Victor Olofsson.
6:38 of 1st period - Shot Misses the Net.
6:40 of 1st period - Wrist shot by Christopher Tanev.
6:40 of 1st period - Shot Misses the Net.
6:42 of 1st period - Slapshot by Connor Murphy.
6:42 of 1st period - Stopped by Semyon Varlamov without a rebound.
6:43 of 1st period - Ryan Strome wins face-off versus Adam Henrique in Hartford Whalers zone.
6:50 of 1st period - Wrist shot by Ryan Strome.
6:50 of 1st period - Deflect By Mike Hoffman.
6:50 of 1st period - Stopped by Logan Thompson with a rebound.
6:52 of 1st period - Slapshot by Ryan Strome.
6:52 of 1st period - Deflect By Ivan Barbashev.
6:52 of 1st period - Shot Misses the Net.
6:52 of 1st period - Puck is out of play.
6:53 of 1st period - Adam Henrique wins face-off versus Ryan Strome in San Jose Sharks zone.
6:55 of 1st period - Minor Penalty to Ivan Barbashev for Holding.
6:56 of 1st period - Joshua Norris wins face-off versus Adam Henrique in San Jose Sharks zone.
6:58 of 1st period - Snap shot by Andre Burakovsky.
6:58 of 1st period - Stopped by Logan Thompson without a rebound.
6:59 of 1st period - Adam Henrique wins face-off versus Joshua Norris in San Jose Sharks zone.
8:00 of 1st period - William Karlsson is hit by Alexis Lafreniere.
8:55 of 1st period - Penalty to Ivan Barbashev is over, Ivan Barbashev is back on ice.
9:28 of 1st period - Wrist shot by Ryan Strome.
9:28 of 1st period - Shot Misses the Net.
10:45 of 1st period - Snap shot by Ryan Strome.
10:45 of 1st period - Shot Misses the Net.
11:19 of 1st period - Wrist shot by Taylor Hall.
11:19 of 1st period - Stopped by Logan Thompson without a rebound.
11:20 of 1st period - Taylor Hall wins face-off versus William Karlsson in San Jose Sharks zone.
11:35 of 1st period - Snap shot by T.J. Oshie.
11:35 of 1st period - Stopped by Logan Thompson without a rebound.
11:36 of 1st period - Joshua Norris wins face-off versus Adam Henrique in San Jose Sharks zone.
11:45 of 1st period - Slapshot by Adam Henrique.
11:45 of 1st period - Shot Blocked by Joshua Norris.
11:47 of 1st period - Wrist shot by Ivan Barbashev.
11:47 of 1st period - Deflect By Adam Henrique.
11:47 of 1st period - Goal by Adam Henrique - Hartford Whalers : 0 - San Jose Sharks : 2.
11:48 of 1st period - William Karlsson wins face-off versus Alexander Wennberg in neutral zone.
12:24 of 1st period - Snap shot by Adam Henrique.
12:24 of 1st period - Stopped by Semyon Varlamov with a rebound.
12:44 of 1st period - Wrist shot by Josh Anderson.
12:44 of 1st period - Deflect By Eetu Luostarinen.
12:44 of 1st period - Shot Misses the Net.
12:44 of 1st period - Puck is out of play.
12:45 of 1st period - William Karlsson wins face-off versus Alexander Wennberg in San Jose Sharks zone.
13:07 of 1st period - Icing by William Karlsson.
13:08 of 1st period - William Karlsson wins face-off versus Andre Burakovsky in San Jose Sharks zone.
13:24 of 1st period - Wrist shot by Joshua Norris.
13:24 of 1st period - Stopped by Logan Thompson with a rebound.
14:26 of 1st period - Wrist shot by Victor Olofsson.
14:26 of 1st period - Stopped by Semyon Varlamov without a rebound.
14:27 of 1st period - Alexander Wennberg wins face-off versus William Karlsson in Hartford Whalers zone.
14:43 of 1st period - Snap shot by Alexander Wennberg.
14:43 of 1st period - Stopped by Logan Thompson with a rebound.
14:53 of 1st period - Adam Henrique is hit by Andre Burakovsky and loses puck.
15:57 of 1st period - Christopher Tanev is hit by Alexander Wennberg and loses puck.
16:32 of 1st period - Slapshot by Christopher Tanev.
16:32 of 1st period - Deflect By Josh Anderson.
16:32 of 1st period - Stopped by Semyon Varlamov with a rebound.
16:34 of 1st period - Slapshot by Adam Henrique.
16:34 of 1st period - Stopped by Semyon Varlamov with a rebound.
16:36 of 1st period - Slapshot by Connor Murphy.
16:36 of 1st period - Deflect By Adam Henrique.
16:36 of 1st period - Goal by Adam Henrique - Hartford Whalers : 0 - San Jose Sharks : 3.
16:37 of 1st period - Adam Henrique wins face-off versus Taylor Hall in neutral zone.
17:24 of 1st period - Andreas Athanasiou is hit by Erik Cernak and loses puck.
17:57 of 1st period - Wrist shot by Ivan Barbashev.
17:57 of 1st period - Shot Misses the Net.
18:19 of 1st period - Wrist shot by Ilya Mikheyev.
18:19 of 1st period - Shot Misses the Net.
18:21 of 1st period - Slapshot by Simon Nemec.
18:21 of 1st period - Stopped by Semyon Varlamov without a rebound.
18:22 of 1st period - William Karlsson wins face-off versus Andre Burakovsky in Hartford Whalers zone.
18:29 of 1st period - Snap shot by William Karlsson.
18:29 of 1st period - Shot Misses the Net.
19:08 of 1st period - Wrist shot by Victor Olofsson.
19:08 of 1st period - Shot Misses the Net.
19:10 of 1st period - Wrist shot by Ilya Mikheyev.
19:10 of 1st period - Deflect By Victor Olofsson.
19:10 of 1st period - Stopped by Semyon Varlamov with a rebound.
19:12 of 1st period - Wrist shot by Victor Olofsson.
19:12 of 1st period - Shot Blocked by Jaccob Slavin.
19:14 of 1st period - Snap shot by Derek Forbort.
19:14 of 1st period - Stopped by Semyon Varlamov with a rebound.
19:16 of 1st period - Slapshot by Dmitry Orlov.
19:16 of 1st period - Stopped by Semyon Varlamov with a rebound.
19:18 of 1st period - Slapshot by Dmitry Orlov.
19:18 of 1st period - Stopped by Semyon Varlamov without a rebound.
19:19 of 1st period - William Karlsson wins face-off versus Alexander Wennberg in Hartford Whalers zone.
19:20 of 1st period - Wrist shot by Valeri Nichushkin.
19:20 of 1st period - Goal by Valeri Nichushkin - Hartford Whalers : 0 - San Jose Sharks : 4.
19:21 of 1st period - Alexander Wennberg wins face-off versus William Karlsson in neutral zone.
Goals for this period are 0 for Hartford Whalers vs 4 for San Jose Sharks.
Shots for this period are 15 for Hartford Whalers vs 14 for San Jose Sharks.
2nd period
0:01 of 2nd period - Alexander Wennberg wins face-off versus William Karlsson in neutral zone.
0:03 of 2nd period - Minor Penalty to T.J. Oshie for Tripping.
0:04 of 2nd period - Alexander Wennberg wins face-off versus Ivan Barbashev in Hartford Whalers zone.
0:36 of 2nd period - Slapshot by Valeri Nichushkin.
0:36 of 2nd period - Shot Blocked by Josh Anderson.
0:38 of 2nd period - Snap shot by Dylan Strome.
0:38 of 2nd period - Stopped by Semyon Varlamov without a rebound.
0:39 of 2nd period - Casey Cizikas wins face-off versus Ivan Barbashev in Hartford Whalers zone.
2:03 of 2nd period - Penalty to T.J. Oshie is over, T.J. Oshie is back on ice.
2:22 of 2nd period - Wrist shot by Victor Olofsson.
2:22 of 2nd period - Stopped by Semyon Varlamov without a rebound.
2:23 of 2nd period - Ryan Strome wins face-off versus Ryan Hartman in Hartford Whalers zone.
2:23 of 2nd period - Ryan Strome is hit by Andreas Athanasiou.
4:24 of 2nd period - Backhand shot by Andreas Athanasiou.
4:24 of 2nd period - Stopped by Semyon Varlamov with a rebound.
4:33 of 2nd period - Simon Nemec and Joel Edmundson fight to a draw.
4:33 of 2nd period - Penalty to Simon Nemec for Fighting.
4:33 of 2nd period - Penalty to Joel Edmundson for Fighting.
4:34 of 2nd period - Adam Henrique wins face-off versus Alexander Wennberg in neutral zone.
4:39 of 2nd period - Snap shot by Ivan Barbashev.
4:39 of 2nd period - Stopped by Semyon Varlamov with a rebound.
5:01 of 2nd period - Connor Murphy is hit by Joshua Norris.
5:32 of 2nd period - Icing by Victor Olofsson.
5:33 of 2nd period - Alexander Wennberg wins face-off versus Ilya Mikheyev in San Jose Sharks zone.
5:42 of 2nd period - Erik Cernak is hit by Derek Forbort and loses puck.
5:49 of 2nd period - Wrist shot by Victor Olofsson.
5:49 of 2nd period - Shot Blocked by Taylor Hall.
5:51 of 2nd period - Snap shot by Victor Olofsson.
5:51 of 2nd period - Deflect By Ilya Mikheyev.
5:51 of 2nd period - Stopped by Semyon Varlamov without a rebound.
5:52 of 2nd period - Adam Henrique wins face-off versus Joshua Norris in Hartford Whalers zone.
6:07 of 2nd period - Wrist shot by Adam Henrique.
6:07 of 2nd period - Stopped by Semyon Varlamov with a rebound.
6:17 of 2nd period - Dylan Strome is hit by T.J. Oshie and loses puck.
7:01 of 2nd period - Slapshot by Victor Olofsson.
7:01 of 2nd period - Deflect By Mike Hoffman.
7:01 of 2nd period - Stopped by Semyon Varlamov with a rebound.
7:03 of 2nd period - Slapshot by Christopher Tanev.
7:03 of 2nd period - Stopped by Semyon Varlamov without a rebound.
7:04 of 2nd period - Alexander Wennberg wins face-off versus Adam Henrique in Hartford Whalers zone.
7:04 of 2nd period - Alexander Wennberg is hit by Ivan Barbashev.
7:07 of 2nd period - Minor Penalty to T.J. Oshie for Tripping.
7:08 of 2nd period - Alexander Wennberg wins face-off versus William Karlsson in Hartford Whalers zone.
7:34 of 2nd period - Christian Dvorak is hit by Erik Cernak and loses puck.
9:07 of 2nd period - Penalty to T.J. Oshie is over, T.J. Oshie is back on ice.
9:15 of 2nd period - Connor Murphy is hit by Alexis Lafreniere and loses puck.
10:27 of 2nd period - Erik Cernak is hit by Calle Rosen and loses puck.
11:57 of 2nd period - Wrist shot by Jaccob Slavin.
11:57 of 2nd period - Stopped by Logan Thompson with a rebound.
12:10 of 2nd period - Rickard Rakell is hit by Erik Cernak and loses puck.
12:46 of 2nd period - Snap shot by Valeri Nichushkin.
12:46 of 2nd period - Shot Blocked by Casey Cizikas.
12:48 of 2nd period - Slapshot by Derek Forbort.
12:48 of 2nd period - Shot Misses the Net.
12:50 of 2nd period - Wrist shot by Dylan Strome.
12:50 of 2nd period - Shot Misses the Net.
13:06 of 2nd period - Slapshot by Thomas Chabot.
13:06 of 2nd period - Deflect By Connor Murphy.
13:06 of 2nd period - Stopped by Logan Thompson without a rebound.
13:07 of 2nd period - John Hayden wins face-off versus Ryan Strome in San Jose Sharks zone.
13:07 of 2nd period - John Hayden is hit by Ryan Strome.
13:17 of 2nd period - Snap shot by Ilya Mikheyev.
13:17 of 2nd period - Shot Misses the Net.
13:19 of 2nd period - Slapshot by John Hayden.
13:19 of 2nd period - Goal by John Hayden - Hartford Whalers : 0 - San Jose Sharks : 5.
13:20 of 2nd period - Adam Henrique wins face-off versus Alexander Wennberg in neutral zone.
13:31 of 2nd period - Christian Dvorak is hit by Alexander Wennberg and loses puck.
13:54 of 2nd period - Off-side.
13:55 of 2nd period - Joshua Norris wins face-off versus William Karlsson in neutral zone.
13:58 of 2nd period - Slapshot by Alexis Lafreniere.
13:58 of 2nd period - Stopped by Logan Thompson without a rebound.
13:59 of 2nd period - Joshua Norris wins face-off versus Valeri Nichushkin in San Jose Sharks zone.
14:33 of 2nd period - Snap shot by Casey Cizikas.
14:33 of 2nd period - Stopped by Logan Thompson without a rebound.
14:34 of 2nd period - Adam Henrique wins face-off versus Alexander Wennberg in San Jose Sharks zone.
14:34 of 2nd period - Adam Henrique is hit by Alexander Wennberg.
15:00 of 2nd period - Andreas Athanasiou is hit by Andre Burakovsky and loses puck.
15:17 of 2nd period - Slapshot by Victor Olofsson.
15:17 of 2nd period - Stopped by Semyon Varlamov without a rebound.
15:18 of 2nd period - Ilya Mikheyev wins face-off versus Eetu Luostarinen in Hartford Whalers zone.
15:25 of 2nd period - Snap shot by Ilya Mikheyev.
15:25 of 2nd period - Stopped by Semyon Varlamov without a rebound.
15:26 of 2nd period - Casey Cizikas wins face-off versus Adam Henrique in Hartford Whalers zone.
15:28 of 2nd period - Minor Penalty to Casey Cizikas for Holding.
15:29 of 2nd period - Alexander Wennberg wins face-off versus Dylan Strome in Hartford Whalers zone.
15:39 of 2nd period - Slapshot by Valeri Nichushkin.
15:39 of 2nd period - Stopped by Semyon Varlamov with a rebound.
15:41 of 2nd period - Wrist shot by William Karlsson.
15:41 of 2nd period - Stopped by Semyon Varlamov without a rebound.
15:42 of 2nd period - Adam Henrique wins face-off versus Alexander Wennberg in Hartford Whalers zone.
16:01 of 2nd period - Joshua Norris is hit by Connor Murphy.
17:28 of 2nd period - Penalty to Casey Cizikas is over, Casey Cizikas is back on ice.
17:39 of 2nd period - Mike Hoffman is hit by Ryan Hartman and loses puck.
17:46 of 2nd period - Snap shot by Rickard Rakell.
17:46 of 2nd period - Stopped by Semyon Varlamov without a rebound.
17:47 of 2nd period - Joshua Norris wins face-off versus Ryan Hartman in Hartford Whalers zone.
18:08 of 2nd period - Minor Penalty to Olli Maatta for Roughing.
18:09 of 2nd period - William Karlsson wins face-off versus Alexander Wennberg in Hartford Whalers zone.
Goals for this period are 0 for Hartford Whalers vs 1 for San Jose Sharks.
Shots for this period are 4 for Hartford Whalers vs 14 for San Jose Sharks.
3rd period
0:01 of 3rd period - Alexander Wennberg wins face-off versus Ivan Barbashev in neutral zone.
0:08 of 3rd period - Penalty to Olli Maatta is over, Olli Maatta is back on ice.
0:09 of 3rd period - Icing by Adam Henrique.
0:10 of 3rd period - Adam Henrique wins face-off versus Alexander Wennberg in San Jose Sharks zone.
0:17 of 3rd period - Snap shot by Ivan Barbashev.
0:17 of 3rd period - Shot Blocked by Josh Anderson.
0:31 of 3rd period - Wrist shot by Christian Dvorak.
0:31 of 3rd period - Stopped by Semyon Varlamov without a rebound.
0:32 of 3rd period - Joshua Norris wins face-off versus William Karlsson in Hartford Whalers zone.
0:37 of 3rd period - Snap shot by Andre Burakovsky.
0:37 of 3rd period - Shot Misses the Net.
0:40 of 3rd period - Icing by Valeri Nichushkin.
0:41 of 3rd period - Valeri Nichushkin wins face-off versus Joshua Norris in San Jose Sharks zone.
0:41 of 3rd period - Valeri Nichushkin is hit by Alexis Lafreniere.
0:58 of 3rd period - Slapshot by Alexis Lafreniere.
0:58 of 3rd period - Shot Misses the Net.
1:01 of 3rd period - Icing by Valeri Nichushkin.
1:02 of 3rd period - William Karlsson wins face-off versus Alexander Wennberg in San Jose Sharks zone.
1:11 of 3rd period - Snap shot by Dylan Strome.
1:11 of 3rd period - Stopped by Semyon Varlamov without a rebound.
1:12 of 3rd period - Adam Henrique wins face-off versus Alexander Wennberg in Hartford Whalers zone.
1:37 of 3rd period - Thomas Chabot is hit by Ryan Hartman and loses puck.
2:34 of 3rd period - Icing by Calle Rosen.
2:35 of 3rd period - Adam Henrique wins face-off versus Casey Cizikas in San Jose Sharks zone.
2:42 of 3rd period - Snap shot by Eetu Luostarinen.
2:42 of 3rd period - Shot Misses the Net.
2:44 of 3rd period - Snap shot by Eetu Luostarinen.
2:44 of 3rd period - Deflect By Josh Anderson.
2:44 of 3rd period - Hartford Whalers goal is going for a video replay.
2:44 of 3rd period - The goal is refused. The referee deems the play has been stopped, even if he had not physically had the opportunity to stop play by blowing his whistle..
2:45 of 3rd period - William Karlsson wins face-off versus Casey Cizikas in San Jose Sharks zone.
2:45 of 3rd period - William Karlsson is hit by Erik Cernak.
3:07 of 3rd period - Wrist shot by Josh Anderson.
3:07 of 3rd period - Stopped by Logan Thompson without a rebound.
3:08 of 3rd period - Adam Henrique wins face-off versus Joshua Norris in San Jose Sharks zone.
3:33 of 3rd period - Nikita Zaitsev is hit by Rickard Rakell and loses puck.
3:54 of 3rd period - Snap shot by Dylan Strome.
3:54 of 3rd period - Stopped by Semyon Varlamov with a rebound.
4:24 of 3rd period - Wrist shot by Ilya Mikheyev.
4:24 of 3rd period - Shot Misses the Net.
4:54 of 3rd period - Eetu Luostarinen is hit by Rickard Rakell and loses puck.
5:03 of 3rd period - Wrist shot by Rickard Rakell.
5:03 of 3rd period - Shot Misses the Net.
5:09 of 3rd period - Minor Penalty to Erik Cernak for Hooking.
5:10 of 3rd period - Casey Cizikas wins face-off versus William Karlsson in Hartford Whalers zone.
5:45 of 3rd period - Slapshot by Ivan Barbashev.
5:45 of 3rd period - Stopped by Semyon Varlamov with a rebound.
5:55 of 3rd period - Christopher Tanev is hit by Eetu Luostarinen and loses puck.
6:42 of 3rd period - Nikita Zaitsev is hit by Ivan Barbashev.
7:09 of 3rd period - Penalty to Erik Cernak is over, Erik Cernak is back on ice.
7:31 of 3rd period - Victor Olofsson is hit by Alexis Lafreniere and loses puck.
8:02 of 3rd period - Alexis Lafreniere is hit by Ilya Mikheyev and loses puck.
8:17 of 3rd period - Snap shot by Victor Olofsson.
8:17 of 3rd period - Deflect By Ilya Mikheyev.
8:17 of 3rd period - Stopped by Semyon Varlamov without a rebound.
8:18 of 3rd period - Adam Henrique wins face-off versus Alexander Wennberg in Hartford Whalers zone.
8:21 of 3rd period - Wrist shot by Adam Henrique.
8:21 of 3rd period - Deflect By Christian Dvorak.
8:21 of 3rd period - Stopped by Semyon Varlamov with a rebound.
8:23 of 3rd period - Slapshot by Christian Dvorak.
8:23 of 3rd period - Stopped by Semyon Varlamov without a rebound.
8:24 of 3rd period - Ivan Barbashev wins face-off versus Taylor Hall in Hartford Whalers zone.
8:42 of 3rd period - Minor Penalty to Thomas Chabot for Hooking.
8:43 of 3rd period - Alexander Wennberg wins face-off versus Adam Henrique in Hartford Whalers zone.
8:43 of 3rd period - Alexander Wennberg is hit by Ivan Barbashev.
8:54 of 3rd period - Snap shot by Adam Henrique.
8:54 of 3rd period - Stopped by Semyon Varlamov with a rebound.
8:56 of 3rd period - Snap shot by Derek Forbort.
8:56 of 3rd period - Shot Blocked by Nikita Zaitsev.
8:58 of 3rd period - Slapshot by Christian Dvorak.
8:58 of 3rd period - Shot Misses the Net.
10:42 of 3rd period - Penalty to Thomas Chabot is over, Thomas Chabot is back on ice.
10:46 of 3rd period - Slapshot by Eetu Luostarinen.
10:46 of 3rd period - Shot Blocked by Connor Murphy.
10:48 of 3rd period - Slapshot by Erik Cernak.
10:48 of 3rd period - Shot Blocked by Valeri Nichushkin.
10:50 of 3rd period - Backhand shot by Joel Edmundson.
10:50 of 3rd period - Stopped by Logan Thompson with a rebound.
11:08 of 3rd period - Wrist shot by Andre Burakovsky.
11:08 of 3rd period - Shot Blocked by Victor Olofsson.
11:10 of 3rd period - Slapshot by Erik Cernak.
11:10 of 3rd period - Shot Misses the Net.
11:12 of 3rd period - Wrist shot by Mike Hoffman.
11:12 of 3rd period - Stopped by Logan Thompson without a rebound.
11:13 of 3rd period - Ryan Strome wins face-off versus Ryan Hartman in San Jose Sharks zone.
11:20 of 3rd period - Wrist shot by Ryan Hartman.
11:20 of 3rd period - Shot Misses the Net.
11:26 of 3rd period - Wrist shot by Andreas Athanasiou.
11:26 of 3rd period - Shot Blocked by Marcus Foligno.
11:28 of 3rd period - Slapshot by Simon Nemec.
11:28 of 3rd period - Stopped by Semyon Varlamov with a rebound.
11:43 of 3rd period - Calle Rosen is hit by T.J. Oshie and loses puck.
11:59 of 3rd period - Off-side.
12:00 of 3rd period - Joshua Norris wins face-off versus Adam Henrique in neutral zone.
12:05 of 3rd period - Snap shot by Alexis Lafreniere.
12:05 of 3rd period - Stopped by Logan Thompson without a rebound.
12:06 of 3rd period - Adam Henrique wins face-off versus Alexander Wennberg in San Jose Sharks zone.
12:14 of 3rd period - Minor Penalty to T.J. Oshie for Holding.
12:15 of 3rd period - Adam Henrique wins face-off versus Josh Anderson in Hartford Whalers zone.
12:25 of 3rd period - Snap shot by Ivan Barbashev.
12:25 of 3rd period - Shot Misses the Net.
12:27 of 3rd period - Slapshot by Derek Forbort.
12:27 of 3rd period - Shot Blocked by Alexander Wennberg.
12:29 of 3rd period - Slapshot by Christian Dvorak.
12:29 of 3rd period - Stopped by Semyon Varlamov with a rebound.
12:31 of 3rd period - Slapshot by Adam Henrique.
12:31 of 3rd period - Stopped by Semyon Varlamov with a rebound.
12:46 of 3rd period - Off-side.
12:47 of 3rd period - Casey Cizikas wins face-off versus William Karlsson in neutral zone.
12:52 of 3rd period - Slapshot by Eetu Luostarinen.
12:52 of 3rd period - Shot Blocked by Christopher Tanev.
13:56 of 3rd period - Backhand shot by Adam Henrique.
13:56 of 3rd period - Shot Blocked by Eetu Luostarinen.
13:58 of 3rd period - Snap shot by Adam Henrique.
13:58 of 3rd period - Stopped by Semyon Varlamov with a rebound.
14:00 of 3rd period - Wrist shot by Ivan Barbashev.
14:00 of 3rd period - Stopped by Semyon Varlamov with a rebound.
14:02 of 3rd period - Wrist shot by Ivan Barbashev.
14:02 of 3rd period - Goal by Ivan Barbashev - Hartford Whalers : 0 - San Jose Sharks : 6.
14:03 of 3rd period - Alexander Wennberg wins face-off versus Valeri Nichushkin in neutral zone.
14:55 of 3rd period - Snap shot by Ryan Hartman.
14:55 of 3rd period - Shot Misses the Net.
15:25 of 3rd period - Snap shot by Ilya Mikheyev.
15:25 of 3rd period - Shot Misses the Net.
15:41 of 3rd period - Slapshot by Alexander Wennberg.
15:41 of 3rd period - Shot Misses the Net.
15:43 of 3rd period - Snap shot by T.J. Oshie.
15:43 of 3rd period - Stopped by Logan Thompson with a rebound.
15:45 of 3rd period - Snap shot by Alexander Wennberg.
15:45 of 3rd period - Shot Misses the Net.
16:58 of 3rd period - Nikita Zaitsev is hit by Ryan Hartman and loses puck.
18:10 of 3rd period - Taylor Hall is hit by William Karlsson and loses puck.
18:21 of 3rd period - Slapshot by Valeri Nichushkin.
18:21 of 3rd period - Shot Blocked by Jaccob Slavin.
19:12 of 3rd period - Christopher Tanev is hit by Taylor Hall and loses puck.
19:47 of 3rd period - Slapshot by Victor Olofsson.
19:47 of 3rd period - Stopped by Semyon Varlamov with a rebound.
19:49 of 3rd period - Snap shot by Victor Olofsson.
19:49 of 3rd period - Shot Misses the Net.
19:51 of 3rd period - Wrist shot by Ilya Mikheyev.
19:51 of 3rd period - Shot Misses the Net.
19:53 of 3rd period - Snap shot by John Hayden.
19:53 of 3rd period - Shot Blocked by Alexander Wennberg.
19:55 of 3rd period - Slapshot by Christopher Tanev.
19:55 of 3rd period - Stopped by Semyon Varlamov without a rebound.
19:56 of 3rd period - Adam Henrique wins face-off versus Joshua Norris in Hartford Whalers zone.
Goals for this period are 0 for Hartford Whalers vs 1 for San Jose Sharks.
Shots for this period are 6 for Hartford Whalers vs 16 for San Jose Sharks.
Back to the Top